 Seeded DCSS version 0.27.1-2-g3b301248ec (webtiles) character file.

Game seed: 4334112020812157148 (custom seed)

197 pancakes the Magician (level 5, -6/37 HPs)
             Began as a Gnoll Hedge Wizard on Sept 26, 2021.
             Was a Believer of Vehumet.
             Mangled by a wyvern zombie (9 damage)
             ... on level 6 of the Dungeon.
             The game lasted 00:16:58 (3000 turns).

pancakes the Magician (Gnoll Hedge Wizard)          Turns: 3000, Time: 00:16:58

Health: -6/37      AC:  6    Str:  9    XL:     5   Next: 75%
Magic:  5/14       EV: 13    Int: 20    God:    Vehumet [**....]
Gold:   187        SH:  0    Dex: 12    Spells: 3/18 levels left

rFire    . . .     SeeInvis .   a - +0 dagger
rCold    . . .     Faith    .   (no shield)
rNeg     . . .     Spirit   .   b - +0 robe
rPois    .         Reflect  .   c - +0 hat
rElec    .         Harm     .   (no cloak)
rCorr    .         Rampage  .   (no gloves)
Will     .....                  (no boots)
Stlth    +++.......             (no amulet)
HPRegen  0.12/turn              v - +6 ring of intelligence
MPRegen  0.14/turn              w - +4 ring of protection

@: very slightly contaminated
A: fangs 1, strong nose, distributed training
a: Renounce Religion


You were on level 6 of the Dungeon.
You worshipped Vehumet.
Vehumet was pleased with you.
You visited 1 branch of the dungeon, and saw 5 of its levels.

You collected 187 gold pieces.

Inventory:

Hand Weapons
 a - a +0 dagger (weapon)
 l - a +0 hand axe
 r - a +0 fustibalus
 s - a +0 hunting sling
Missiles
 f - 12 poisoned darts (quivered)
 g - 54 sling bullets
 h - 73 stones
 i - 62 bolts
 n - 45 arrows
Armour
 b - a +0 robe (worn)
 c - a +0 hat (worn)
Magical Staves
 d - a staff of earth
Jewellery
 t - an amulet of guardian spirit
 v - a +6 ring of intelligence (left hand)
 w - a +4 ring of protection (right hand)
Scrolls
 e - 3 scrolls of enchant weapon {unknown}
 k - 2 scrolls of identify {unknown}
 q - 3 scrolls of amnesia {unknown}
Potions
 m - a potion of lignification {unknown}
 o - a potion of brilliance {unknown}


   Skills:
 + Level 1.6 Fighting
 + Level 1.6 Short Blades
 + Level 1.6 Long Blades
 + Level 1.6 Axes
 + Level 1.6 Maces & Flails
 + Level 1.6 Polearms
 + Level 1.6 Staves
 + Level 1.6 Slings
 + Level 1.6 Bows
 + Level 1.6 Crossbows
 + Level 1.6 Throwing
 + Level 1.6 Armour
 + Level 4.8 Dodging
 + Level 4.4 Stealth
 + Level 1.6 Shields
 + Level 1.6 Unarmed Combat
 + Level 7.3 Spellcasting
 + Level 2.4 Conjurations
 + Level 1.3 Hexes
 + Level 2.4 Summonings
 + Level 1.3 Necromancy
 + Level 2.4 Translocations
 + Level 1.3 Transmutations
 + Level 1.3 Fire Magic
 + Level 1.3 Ice Magic
 + Level 1.3 Air Magic
 + Level 1.3 Earth Magic
 + Level 1.3 Poison Magic
 + Level 1.8 Invocations
 + Level 1.6 Evocations


You had 3 spell levels left.
You knew the following spells:

 Your Spells              Type           Power      Damage    Failure   Level
a - Call Imp              Summ           17%        N/A       4%          2
b - Blink                 Tloc           N/A        N/A       4%          2
d - Mephitic Cloud        Conj/Pois/Air  14%        N/A       14%         3
e - Conjure Flame         Conj/Fire      14%        6-21      13%         3
f - Freeze                Ice            48%        1d7       5%          1
g - Corona                Hex            13%        N/A       5%          1
r - Sandblast             Erth           24%        2d8       5%          1
s - Magic Dart            Conj           68%        1d6       3%          1
y - Apportation           Tloc           34%        N/A       3%          1

Your spell library contained the following spells:

 Spells                   Type           Power      Damage    Failure   Level
 Summon Small Mammal      Summ           68%        N/A       3%          1
 Animate Skeleton         Necr           24%        N/A       5%          1
 Slow                     Hex            12%        N/A       9%          2
 Fireball                 Conj/Fire      7%         3d5       75%         5
 Starburst                Conj/Fire      7%         6d4       100%        6
 Ignition                 Fire           6%         3d4       100%        8


Dungeon Overview and Level Annotations

Branches:
Dungeon (4/15)
 Temple: D:4-7

Altars:
Vehumet
Wu Jian

Shops:
D:2 [*!*

Annotations:
D:3 Grinder


Innate Abilities, Weirdness & Mutations

You have very sharp teeth.
Your uncanny sense of smell can sniff out nearby items.
Your experience applies equally to all skills.


Message History

You freeze the wyvern zombie but do no damage.
The wyvern zombie completely resists.
The wyvern zombie bites you!
Okay, then.
Unknown command.
Unknown command.
Casting: Freeze (safe; 5% risk of failure)
Confirm with . or Enter, or press ? or * to list all spells.
Aiming: Corona (safe; 5% risk of failure)
Press: ? - help, Shift-Dir - straight line, f/p - wyvern zombie
Aim: a wyvern zombie (chance to affect: 61%)
The wyvern zombie struggles to resist.
The wyvern zombie misses you. The wyvern zombie closely misses you.
Casting: Corona (safe; 5% risk of failure)
Confirm with . or Enter, or press ? or * to list all spells.
Aiming: Corona (safe; 5% risk of failure)
Press: ? - help, Shift-Dir - straight line, f/p - wyvern zombie
Aim: a wyvern zombie (chance to affect: 61%)
The wyvern zombie is outlined in light.
The wyvern zombie bites you!
Your magical contamination has completely faded away.
There is an escape hatch in the ceiling here.
Casting: Corona (safe; 5% risk of failure)
Confirm with . or Enter, or press ? or * to list all spells.
You don't know that spell.
Casting: Corona (safe; 5% risk of failure)
Confirm with . or Enter, or press ? or * to list all spells.
Okay, then.
Unknown command.
Unknown command.
Unknown command.
Casting: Corona (safe; 5% risk of failure)
Confirm with . or Enter, or press ? or * to list all spells.
You miscast Call Imp.
You are very lightly contaminated with residual magic.
Nothing appears to happen.
The wyvern zombie bites you but does no damage.
The wyvern zombie bites you!
* * * LOW HITPOINT WARNING * * *
There are no items here.
The wyvern zombie bites you!
You die...

#...... #......#
..# #......#
..### #......#
##..... #.......
....... #......#
.:....
#......###...#
#.......Z...###.#
#......##@.......
#......##.#.###.#
#......##.# ..
#########.# .#
..# .. ### .# #


You could see a wyvern zombie (corona).

Vanquished Creatures
  A scorpion (D:3)
  A hound (D:6)
  An iguana (D:3)
  An orc wizard (D:3)
  2 dart slugs
  3 orcs (D:3)
  4 ball pythons
  3 endoplasms
  A giant cockroach (D:1)
  5 hobgoblins
  4 jackals (D:1)
  A quokka (D:2)
  5 bats
  8 frilled lizards
  5 goblins
  7 kobolds
  3 rats
55 creatures vanquished.

Notes
Turn   | Place    | Note
-------+----------+-------------------------------------------
     0 | D:1      | pancakes the Gnoll Hedge Wizard began the quest for the
                  | Orb.
     0 | D:1      | Reached XP level 1. HP: 13/13 MP: 8/8
   293 | D:1      | Reached XP level 2. HP: 19/19 MP: 7/10
   910 | D:1      | Found a faded altar of an unknown god.
  1017 | D:1      | Became a worshipper of Vehumet
  1017 | D:1      | Reached * piety under Vehumet
  1017 | D:1      | Offered knowledge of Freeze by Vehumet.
  1020 | D:1      | Learned a level 1 spell: Freeze
  1221 | D:1      | Reached XP level 3. HP: 25/25 MP: 7/11
  1387 | D:2      | Found an ornate altar of the Wu Jian Council.
  1471 | D:2      | Found Huseug's Assorted Antiques.
  1482 | D:2      | Found Atykhij's General Store.
  1600 | D:2      | Learned a level 3 spell: Conjure Flame
  1604 | D:2      | Learned a level 3 spell: Mephitic Cloud
  1607 | D:2      | Learned a level 2 spell: Blink
  1609 | D:2      | Learned a level 1 spell: Corona
  1785 | D:2      | Found Dowkaex's Distillery.
  1871 | D:2      | Reached skill level 1 in Invocations
  2112 | D:2      | Found Ane Jiaj's Antique Armour Shop.
  2296 | D:3      | Learned a level 1 spell: Apportation
  2308 | D:3      | Noticed Grinder
  2448 | D:3      | Reached skill level 1 in Fighting
  2448 | D:3      | Reached skill level 1 in Short Blades
  2448 | D:3      | Reached skill level 1 in Long Blades
  2448 | D:3      | Reached skill level 1 in Axes
  2448 | D:3      | Reached skill level 1 in Maces & Flails
  2448 | D:3      | Reached skill level 1 in Polearms
  2448 | D:3      | Reached skill level 1 in Staves
  2448 | D:3      | Reached skill level 1 in Slings
  2448 | D:3      | Reached skill level 1 in Bows
  2448 | D:3      | Reached skill level 1 in Crossbows
  2448 | D:3      | Reached skill level 1 in Throwing
  2448 | D:3      | Reached skill level 1 in Armour
  2448 | D:3      | Reached skill level 1 in Shields
  2448 | D:3      | Reached skill level 1 in Unarmed Combat
  2448 | D:3      | Reached skill level 1 in Evocations
  2448 | D:3      | Reached XP level 4. HP: 32/32 MP: 4/13
  2612 | D:3      | Reached ** piety under Vehumet
  2612 | D:3      | Offered knowledge of Sandblast by Vehumet.
  2615 | D:3      | Learned a level 1 spell: Sandblast
  2647 | D:3      | Found a radiant altar of Vehumet.
  2648 | D:3      | Noticed a scorpion
  2667 | D:3      | Killed a scorpion
  2668 | D:3      | Reached skill level 1 in Hexes
  2668 | D:3      | Reached skill level 1 in Necromancy
  2668 | D:3      | Reached skill level 1 in Transmutations
  2668 | D:3      | Reached skill level 1 in Fire Magic
  2668 | D:3      | Reached skill level 1 in Ice Magic
  2668 | D:3      | Reached skill level 1 in Air Magic
  2668 | D:3      | Reached skill level 1 in Earth Magic
  2668 | D:3      | Reached skill level 1 in Poison Magic
  2668 | D:3      | Reached XP level 5. HP: 37/37 MP: 9/14
  2956 | D:3      | Learned a level 2 spell: Call Imp
  2985 | D:4      | You fall into a shaft and drop 2 floors!
  3000 | D:6      | Mangled by a wyvern zombie

Illustrated notes

Levels and vault maps discovered:
D:1:      dpeg_arrival_refuge, layout_basic, chequers_ecumenical_altar_twisty
D:2:      layout_loops_ring, basic_altar, serial_shops, shop_fountains, shop,
          shop, nicolae_square_shop
D:3:      kennysheep_big_flooded_room, layout_rooms, nicolae_vehumet_radiance,
          uniq_grinder
D:4:      layout_basic, trog_book, enter_ossuary_2, serial_shops, shop,
          uniq_blork_the_orc
D:6:      layout_basic, gammafunk_ghost_arena, chequers_serial_rivers_micro_c

Skill      XL: |  1  2  3  4 |
---------------+-------------+-----
Conjurations   | 2 |  2.4
Summonings     | 2 |  2.4
Translocations | 2 |  2.4
Invocations    | 1 |  1.8
Fighting       | 1 |  1.6
Short Blades   | 1 |  1.6
Long Blades    | 1 |  1.6
Axes           | 1 |  1.6
Maces & Flails | 1 |  1.6
Polearms       | 1 |  1.6
Staves         | 1 |  1.6
Slings         | 1 |  1.6
Bows           | 1 |  1.6
Crossbows      | 1 |  1.6
Throwing       | 1 |  1.6
Armour         | 1 |  1.6
Shields        | 1 |  1.6
Unarmed Combat | 1 |  1.6
Evocations     | 1 |  1.6
Hexes          | 1 |  1.3
Necromancy     | 1 |  1.3
Transmutations | 1 |  1.3
Fire Magic     | 1 |  1.3
Ice Magic      | 1 |  1.3
Air Magic      | 1 |  1.3
Earth Magic    | 1 |  1.3
Poison Magic   | 1 |  1.3
Dodging        | |  4.8
Stealth        | |  4.4
Spellcasting   | |  7.3

Action                   |  1- 3 |  4- 6 || total
-------------------------+-------+-------++-------
Melee: Dagger            |     6 |     4 ||    10
       Bite              |       |     1 ||     1
Throw: Dart              |       |    18 ||    18
 Cast: Magic Dart        |    94 |    21 ||   115
       Freeze            |     4 |     5 ||     9
       Corona            |     1 |     2 ||     3
       Apportation       |     1 |       ||     1
       Mephitic Cloud    |       |     1 ||     1
       Conjure Flame     |       |     1 ||     1
  Use: Scroll            |       |     3 ||     3
Armor: Robe              |     1 |     3 ||     4
Dodge: Dodged            |    16 |    11 ||    27
